 Dungeon Crawl Stone Soup version 0.30-a0-802-gb92711b (webtiles) character file.

Game seed: 9074446129569068284

12343 Illumine the Spear-Bearer (level 11, -21/138 HPs)
             Began as a Merfolk Berserker on Feb 23, 2023.
             Was an Elder of Trog.
             Hit by a large rock thrown by a cyclops (28 damage)
             ... on level 12 of the Dungeon.
             The game lasted 00:19:46 (13900 turns).

Illumine the Spear-Bearer (Merfolk Berserker)      Turns: 13900, Time: 00:19:46

Health: -21/138    AC: 13    Str: 21    XL:     11   Next: 91%
Magic:  11/11      EV:  8    Int:  8    God:    Trog [****..]
Gold:   407        SH:  5    Dex: 13    Spells: 10/10 levels left

rFire   . . .      SeeInvis .    a - +1 spear (flame)
rCold   . . .      Faith    .    t - +0 buckler
rNeg    . . .      Spirit   .    n - +0 chain mail
rPois   .          Reflect  .    l - +0 helmet
rElec   .          Harm     .    o - +0 cloak
rCorr   .          Rampage  .    (no gloves)
Will    .....                    (no boots) Stlth
                                 I - amulet of regeneration
HPRegen 1.23/turn                (no ring)
MPRegen 0.12/turn                (no ring)

@: berserking, very quick
A: (nimble swimmer 2), mertail
a: Renounce Religion, Berserk, Trog's Hand, Brothers in Arms


You were on level 12 of the Dungeon.
You worshipped Trog.
Trog was greatly pleased with you.
You visited 2 branches of the dungeon, and saw 13 of its levels.

You collected 485 gold pieces.
You spent 78 gold pieces at shops.

Inventory:

Hand Weapons
 a - a +1 spear of flaming (weapon)
 F - a +0 trident
Missiles
 g - 31 poisoned darts (quivered)
 A - 6 javelins
Armour
 e - a +0 ring mail
 l - a +0 helmet (worn)
 n - a +0 chain mail (worn)
 o - a +0 cloak (worn)
 t - a +0 buckler (worn)
 G - the +3 hat of Pondering {ponderous, Will+ MP+10 Int+5}
   (You took it off Gastronok on level 8 of the Dungeon)

   Int:       It affects your intelligence (+5).
   MP:        It affects your magic capacity (+10).
   Will:      It increases your willpower.
Jewellery
 I - an amulet of regeneration (around neck)
Wands
 u - a wand of flame (23)
 x - a wand of paralysis (5)
Scrolls
 c - 4 scrolls of enchant weapon
 d - a scroll of immolation
 h - 3 scrolls of blinking
 j - a scroll of poison {unknown}
 q - a scroll of silence {unknown}
 r - 2 scrolls of enchant armour
 s - 2 scrolls of teleportation
 y - a scroll of brand weapon
 B - a scroll of summoning {unknown}
 D - a scroll of vulnerability {unknown}
 E - a scroll of fear {unknown}
 H - a scroll of acquirement {unknown}
 K - a scroll of noise {unknown}
 L - a scroll of fog {unknown}
Potions
 b - a potion of cancellation {unknown}
 f - a potion of lignification
 i - 2 potions of heal wounds
 k - 5 potions of might
 m - 2 potions of attraction {unknown}
 p - 3 potions of degeneration
 v - 2 potions of mutation {unknown}
 w - 3 potions of curing
 z - 2 potions of berserk rage
 C - 2 potions of haste
 J - a potion of flight {unknown}


   Skills:
 + Level 10.6 Fighting
 - Level 14.2 Polearms
 + Level 5.0 Throwing
 + Level 7.1 Armour
 - Level 3.0 Dodging
 - Level 4.0 Shields
 + Level 5.0 Evocations


You had 10 spell levels left.
You didn't know any spells.
Your spell library was empty.

Dungeon Overview and Level Annotations

Branches:
Dungeon (12/15)            Temple (0/1) D:5            Lair (1/5) D:10
    Orc: D:9-12

Altars:
Ru

Shops:
D:9 !

Annotations:
D:5 2 transporters, Radamante's ghost, novice MfSu
D:7 3 runed translucent doors, Boromir's ghost, novice HOFi
Lair:1 Amaemon


Innate Abilities, Weirdness & Mutations

((You are very nimble when in or above water. (Stealth+, EV+, Speed+++)))
Your lower body shifts to a powerful aquatic tail in water.


Message History

The orc wizard flickers and vanishes!
Deactivating autopickup; reactivate with Ctrl-A.
A red film seems to cover your vision as you go berserk!
You feel yourself moving faster!
You feel mighty! The manticore barely misses you. The manticore claws you.
* * * LOW HITPOINT WARNING * * *
The manticore claws you but does no damage.
An orc comes into view. It is wielding a +0 mace.
You barely miss the manticore.
The manticore is heavily wounded.
You closely miss the manticore.
The manticore is heavily wounded.
The manticore barely misses you. You block the manticore's attack.
The manticore claws you!
* * * LOW HITPOINT WARNING * * *
An orc comes into view. It is wielding a +2 heavy hand axe.
You barely miss the manticore.
The manticore is heavily wounded.
You puncture the manticore! You burn the manticore.
The manticore is severely wounded.
You puncture the manticore! You burn the manticore.
The manticore is almost dead.
The manticore bites you.
* * * LOW HITPOINT WARNING * * *
The manticore claws you!
* * * LOW HITPOINT WARNING * * *
The manticore barely misses you.
The orc wizard gestures wildly while chanting.
The orc wizard flickers and vanishes!
You are too berserk!
You barely miss the manticore.
The manticore is almost dead.
You puncture the manticore! You burn the manticore.
You kill the manticore!
Trog accepts your kill.
Your Throwing skill increases to level 5!
Your Evocations skill increases to level 5!
You are too berserk!
The cyclops throws a large rock.
The large rock hits you!!
You die...

# ##..####.#....#. #
#...........#... #
#.......#.#...... #
#..o.........#.#. #
####.....C#...#.....
###.............#....#..
....# #).....#...#.....
.#### #............#.#.
.# ###.###.#@#...... .##
#..##.....#...# ..#
##.###.#....#.. #.#
###'###....#...# #'####
#........#...#.. .....#
#............# #
...>.####...........##
.....##.'............
.....#..#..........


You could see a cyclops and an orc.

Vanquished Creatures
  Gastronok (D:8)
  A two-headed ogre (D:10)
  Pikel (D:6)
  A cyclops (D:8)
  Maurice (D:8)
  2 manticores
  2 cane toads (Lair:1)
  A gargoyle (D:10)
  Maggie (D:7)
  A komodo dragon (Lair:1)
  3 trolls
  Prince Ribbit (D:6)
  A hornet (D:9)
  Sigmund (D:3)
  2 wyverns
  Eustachio (D:6)
  3 vampire mosquitoes (D:12)
  A steam dragon (D:6)
  Menkaure (D:5)
  2 water moccasins (Lair:1)
  4 orc warriors
  A black bear (D:5)
  14 wolves
  A phantom (D:6)
  2 centaurs
  A kobold brigand (D:8)
  8 bullfrogs
  3 necrophages
  A scorpion (D:5)
  21 killer bees
  4 electric eels
  2 howler monkeys
  2 jellies (D:7)
  7 hounds
  6 orc priests
  A gnoll bouda (D:7)
  5 iguanas
  Terence (D:2)
  6 orc wizards
  9 gnolls
  5 adders
  2 white imps (D:8)
  2 ufetubi
  4 worms
  2 dart slugs
  28 orcs
  5 endoplasms
  3 giant cockroaches
  12 goblins
  8 hobgoblins
  5 jackals (D:4)
  7 kobolds
  5 quokkas
  9 ball pythons
  3 bats
  3 frilled lizards
  3 rats
233 creatures vanquished.

Vanquished Creatures (others)
  A centaur (D:10)
  2 fungi (Lair:1)
  21 plants
24 creatures vanquished.

Grand Total: 257 creatures vanquished

Notes
Turn   | Place    | Note
-------+----------+-------------------------------------------
     0 | D:1      | Illumine the Merfolk Berserker began the quest for the Orb.
     0 | D:1      | Reached XP level 1. HP: 18/18 MP: 1/1
   161 | D:1      | Reached XP level 2. HP: 17/24 MP: 2/2
   307 | D:1      | Reached XP level 3. HP: 27/29 MP: 3/3
   990 | D:2      | Reached skill level 5 in Polearms
  1400 | D:2      | Noticed Terence
  1409 | D:2      | Killed Terence
  1410 | D:2      | Reached XP level 4. HP: 37/37 MP: 4/4
  1504 | D:2      | Reached ** piety under Trog
  1730 | D:3      | Noticed Sigmund
  1750 | D:3      | Killed Sigmund
  1751 | D:3      | Reached skill level 6 in Polearms
  1751 | D:3      | Reached XP level 5. HP: 32/43 MP: 5/5
  1751 | D:3      | Reached XP level 6. HP: 37/49 MP: 6/6
  2712 | D:4      | Reached skill level 7 in Polearms
  4054 | D:5      | Entered Level 5 of the Dungeon
  4137 | D:5      | Noticed Radamante's ghost (novice MfSu)
  4138 | D:5      | Found a transporter.
  4165 | D:4      | Reached *** piety under Trog
  4289 | D:5      | Reached skill level 5 in Fighting
  4289 | D:5      | Reached XP level 7. HP: 9/56 MP: 7/7
  4459 | D:5      | Found a staircase to the Ecumenical Temple.
  4638 | D:5      | Reached skill level 1 in Shields
  4779 | D:5      | Noticed Menkaure
  4801 | D:5      | Killed Menkaure
  4802 | D:5      | Reached skill level 8 in Polearms
  5088 | D:5      | Reached XP level 8. HP: 45/63 MP: 8/8
  5357 | D:5      | Found a transporter.
  5683 | D:6      | Noticed Prince Ribbit
  5717 | D:6      | Reached skill level 9 in Polearms
  5719 | D:6      | Killed Prince Ribbit
  6146 | D:6      | Noticed Pikel
  6174 | D:6      | Killed Pikel
  6175 | D:6      | Reached skill level 10 in Polearms
  6175 | D:6      | Reached XP level 9. HP: 71/71 MP: 9/9
  6546 | D:6      | Noticed Eustachio
  6638 | D:6      | Killed Eustachio
  6639 | D:6      | Reached skill level 11 in Polearms
  7081 | D:7      | Noticed Boromir's ghost (novice HOFi)
  7083 | D:7      | Found a runed translucent gate.
  7083 | D:7      | Found a runed translucent gate.
  7083 | D:7      | Found a runed translucent gate.
  7838 | D:7      | Noticed Maggie
  7856 | D:7      | Killed Maggie
  7857 | D:7      | Reached skill level 12 in Polearms
  7999 | D:7      | Reached skill level 5 in Armour
  8453 | D:8      | Noticed Maurice
  8515 | D:8      | Killed Maurice
  8516 | D:8      | Reached XP level 10. HP: 15/80 MP: 10/10
  8767 | D:8      | Noticed a cyclops
  8814 | D:8      | Reached skill level 13 in Polearms
  9229 | D:8      | Noticed Gastronok
  9262 | D:8      | Killed Gastronok
  9673 | D:8      | Killed a cyclops
  9674 | D:8      | Reached skill level 14 in Polearms
  9830 | D:8      | Found a sacrificial altar of Ru.
 10204 | D:9      | Reached skill level 1 in Throwing
 10204 | D:9      | Reached skill level 1 in Evocations
 10206 | D:9      | Reached **** piety under Trog
 10410 | D:9      | Found Foul's Distillery.
 10580 | D:9      | Bought a potion of degeneration for 13 gold pieces
 10580 | D:9      | Bought a potion of heal wounds for 65 gold pieces
 11184 | D:10     | Entered Level 10 of the Dungeon
 11205 | D:10     | Reached XP level 11. HP: 62/89 MP: 11/11
 11771 | D:10     | Found a staircase to the Lair.
 12374 | D:10     | Noticed a two-headed ogre
 12382 | D:10     | Killed a two-headed ogre
 12798 | Lair:1   | Entered Level 1 of the Lair of Beasts
 12880 | Lair:1   | Reached skill level 10 in Fighting
 13413 | Lair:1   | Noticed Amaemon
 13488 | D:11     | Noticed a manticore
 13509 | D:11     | Killed a manticore
 13875 | D:12     | Noticed a manticore
 13881 | D:12     | Noticed a cyclops
 13897 | D:12     | HP: 5/138 [manticore (7)]
 13899 | D:12     | Killed a manticore
 13900 | D:12     | Reached skill level 5 in Throwing
 13900 | D:12     | Reached skill level 5 in Evocations
 13900 | D:12     | Hit by a large rock thrown by a cyclops

Illustrated notes

Levels and vault maps discovered:
D:1:      saegor_arrival_simple_e, layout_loops_ring, serial_bayou,
          serial_bayou_lagoon_a, serial_bayou_pond_b, serial_bayou_pond_c,
          serial_bayou_pond_b, serial_bayou_shore_b
D:2:      layout_basic, uniq_terence
D:3:      layout_basic, uniq_sigmund, uniq_crazy_yiuf_cottage
D:4:      layout_layer_cave, serial_forest, infiniplex_forest_end_3,
          infiniplex_forest_straight_2, infiniplex_forest_clump_medium,
          infiniplex_forest_diagonal, infiniplex_forest_corner_1
D:5:      wander_river, layout_loops_ring, minmay_temple_entry_ruins,
          gammafunk_ghost_arena, uniq_menkaure
D:6:      cheibrodos_helix_gallery, layout_loops_ring,
          chequers_serial_rivers_small_b, uniq_prince_ribbit1, uniq_pikel,
          uniq_eustachio
D:7:      hellmonk_ruined_rings, layout_basic, gammafunk_ghost_necromancy,
          uniq_maggie
D:8:      layout_gridville, nicolae_ru_the_path_less_chosen, enter_bailey_8,
          kennysheep_decorative_pillar, uniq_maurice, uniq_gastronok
D:9:      layout_basic, serial_shops, nicolae_shop_hallway_plus
D:10:     layout_cave_pods, erik_lair_island
D:11:     layout_cave_pools, ebering_ghost_gozag, uniq_nergalle
D:12:     layout_roguey, kennysheep_orc_monster_closet_entryway,
          nicolae_kite_square_tiling_tiny
Lair:1:   layout_loops_ring, hellmonk_guarded_unrand_vines, uniq_amaemon

Skill      XL: |  1  2  3  4  5  6  7  8  9 10 11 |
---------------+----------------------------------+-----
Dodging        | 3 |  3.0
Polearms       | 5 6 7 8 10 12 14 | 14.2
Armour         | 2 3 4 5 6 7 |  7.1
Fighting       | 4 5 6 8 9 10 | 10.6
Shields        | 2 4 |  4.0
Throwing       | 2 5 |  5.0
Evocations     | 2 5 |  5.0

Action                     |  1- 3 |  4- 6 |  7- 9 | 10-12 || total
---------------------------+-------+-------+-------+-------++-------
  Melee: Spear             |   143 |   246 |   547 |   721 ||  1657
         Punch             |     1 |     3 |       |       ||     4
         Tailslap          |       |       |     1 |       ||     1
         Trident           |       |       |       |    13 ||    13
  Throw: Dart              |       |       |    10 |       ||    10
 Invoke: Berserk           |     1 |     3 |     9 |     9 ||    22
  Evoke: Wand              |       |       |     8 |     7 ||    15
    Use: Scroll            |       |       |     4 |     6 ||    10
         Potion            |       |       |     3 |     3 ||     6
 Armour: Animal skin       |     1 |       |       |       ||     1
         Ring mail         |    24 |       |       |       ||    24
         Chain mail        |       |   127 |   166 |   205 ||   498
         Skin              |       |       |     4 |    83 ||    87
  Dodge: Dodged            |    43 |    85 |   114 |   140 ||   382
  Block: Buckler           |       |    14 |    65 |   124 ||   203

Table legend: (Time is in decaauts)
 A = Elapsed time spent in this place.
 B = Non-inter-level travel time spent in this place.
 C = Inter-level travel time spent in this place.
 D = Time resting spent in this place.
 E = Time spent auto-exploring this place.
 F = Levels seen in this place.
 G = Mean time per level.
                   A        B        C        D        E       F      G
               +--------+--------+--------+--------+--------+-----+--------+
         Total |  13442 |  13067 |    375 |   3193 |   7528 |  13 | 1034.0 |
       Dungeon |  12866 |  12492 |    374 |   3082 |   7282 |  12 | 1072.2 |
          Lair |    575 |    575 |      0 |    111 |    246 |   1 |  575.0 |
               +--------+--------+--------+--------+--------+-----+--------+

Top non-repeatable levels by time:
     D:4: 1801 daAuts
    D:10: 1716 daAuts
     D:7: 1480 daAuts
     D:5: 1339 daAuts
     D:8: 1286 daAuts
     D:9: 1256 daAuts
     D:6: 1143 daAuts
     D:1: 922 daAuts
     D:3: 869 daAuts
     D:2: 812 daAuts
  Lair:1: 575 daAuts
    D:12: 169 daAuts
    D:11: 67 daAuts
